 Dungeon Crawl Stone Soup version 0.25.1-2-g60ff931df9 (webtiles) character file.

Game seed: 17270201112922519278

1842 hawla the Cleaver (level 8, -5/106 HPs)
             Began as a Minotaur Fighter on Oct 19, 2020.
             Was an Initiate of Gozag.
             Slain by a two-headed ogre
             ... wielding a cursed +0 giant club
              (16 damage)
             ... on level 6 of the Dungeon.
             The game lasted 00:11:57 (4406 turns).

hawla the Cleaver (Minotaur Fighter)                Turns: 4406, Time: 00:11:57

Health: -5/106     AC: 24    Str: 29      XL:     8   Next: 87%
Magic:  0/0        EV:  2    Int:  5      God:    Gozag
Gold:   324        SH:  0    Dex:  9 (10) Spells: 7/7 levels left

rFire    . . .     SeeInvis .   a - +1 war axe
rCold    + . .     Gourm    .   (no shield)
rNeg     + + +     Faith    .   (armour currently unavailable)
rPois    +         Spirit   .   (helmet currently unavailable)
rElec    .         Reflect  .   (cloak currently unavailable)
rCorr    .         Harm     .   (gloves currently unavailable)
MR       .....     NoTele   +   (boots currently unavailable)
Stlth    +.........             r - amulet of regeneration
HPRegen  0.67/turn              e - ring of positive energy
MPRegen  0.07/turn              u - ring of the Coward {rC+ MP-9 Str+6 Slay+2}

@: tree-form, gold aura
A: (retaliatory headbutt)
a: Potion Petition, Call Merchant, Bribe Branch, Renounce Religion


You were on level 6 of the Dungeon.
You worshipped Gozag.
Gozag was aware of your devotion.
You were not hungry.
You were a tree.
You visited 2 branches of the dungeon, and saw 7 of its levels.

You collected 403 gold pieces.
You paid 79 gold pieces to Gozag.

Inventory:

Hand Weapons
 a - a +1 war axe (weapon)
 v - a +0 mace of holy wrath
Missiles
 h - 32 poisoned darts (quivered)
Armour
 p - a +0 pair of boots (melded)
 s - a +0 chain mail (melded)
Jewellery
 e - a ring of positive energy (left branch)
 j - an uncursed ring of resist corrosion
 n - an uncursed ring of stealth
 r - an amulet of regeneration (around neck)
 u - the ring of the Coward (right branch) {rC+ MP-9 Str+6 Slay+2}
   (You found it on level 4 of the Dungeon)

   [ring of protection from cold]

   It affects your strength (+6).
   It affects your accuracy and damage with ranged weapons and melee attacks
   (+2).
   It protects you from cold.
   It affects your magic capacity (-9).
Scrolls
 c - 3 scrolls of identify
 i - 3 scrolls of teleportation
 l - a scroll of enchant weapon
 t - 4 scrolls of enchant armour
 w - a scroll of fear {unknown}
Potions
 d - 2 potions of might
 g - a potion of curing
 k - a potion of resistance {unknown}
 m - 4 potions of haste {unknown}
 q - a potion of mutation {unknown}
Comestibles
 f - 6 rations


   Skills:
 + Level 6.9 Fighting
 + Level 10.0 Axes
 + Level 7.8 Armour
 + Level 2.3 Dodging
 + Level 1.1 Stealth
   Level 3.6 Shields


You had 7 spell levels left.
You didn't know any spells.
Your spell library was empty.

Dungeon Overview and Level Annotations

Branches:
Dungeon (6/15)             Temple (1/1) D:5

Altars:
Ashenzari
Fedhas
Gozag
Hepliaklqana
Okawaru
Ru


Innate Abilities, Weirdness & Mutations

((You reflexively headbutt those who attack you in melee.))
((You have a pair of horns on your head.))


Message History

The two-headed ogre hits you but does no damage.
You completely miss the two-headed ogre.
You headbutt the two-headed ogre.
The two-headed ogre is lightly wounded.
The two-headed ogre hits you with a cursed +0 giant club!
The two-headed ogre hits you with a +0 giant club!!
* * * LOW HITPOINT WARNING * * *
You are too injured to fight recklessly!
You are too injured to fight recklessly!
Really quaff the potion of lignification?
You turn into a tree.
Your +0 pair of boots melds into your body.
Your +0 chain mail melds into your body.
Your roots penetrate the ground.
You feel better.
The two-headed ogre hits you with a cursed +0 giant club!
* * * LOW HITPOINT WARNING * * *
The two-headed ogre hits you with a +0 giant club!
You die...
Your body crumbles into a pile of gold.

#....≈ ≈...♣..
#...≈≈ ≈≈.....
#...≈≈♣≈≈.....
#..≈≈≈≈≈....
#...≈≈≈...♣
#...$...♣ #.....♣
#O#♣ #♣.# #..##
#...### # #.#.#.#
. #.....#.## #
###.#.#..#.#
#........# #####
##.......#
#...#####.......[#


You could see a two-headed ogre.

Vanquished Creatures
  Menkaure (D:6)
  Duvessa (D:5)
  An orc warrior (D:6)
  A phantom (D:5)
  An ice beast (D:5)
  3 ogres
  A centaur (D:5)
  A bullfrog (D:6)
  Dowan (D:5)
  A howler monkey (D:5)
  A crimson imp (D:5)
  2 hounds
  A quasit (D:6)
  A bullfrog skeleton (D:4)
  3 orc priests
  8 orc wizards
  4 worker ants
  3 hound zombies (D:5)
  A hound skeleton (D:4)
  A worker ant zombie (D:5)
  3 gnolls (D:5)
  A howler monkey skeleton (D:5)
  4 adders
  An ooze (D:5)
  2 adder skeletons (D:5)
  4 worms
  4 dart slugs
  7 leopard geckos
  29 orcs
  A ball python (D:1)
  6 giant cockroaches
  2 goblins
  2 hobgoblins
  5 jackals
  A quokka (D:3)
  8 bats
  5 frilled lizards
  7 kobolds
  A leopard gecko skeleton (D:5)
  7 rats
137 creatures vanquished.

Notes
Turn   | Place    | Note
-------+----------+-------------------------------------------
     0 | D:1      | hawla the Minotaur Fighter began the quest for the Orb.
     0 | D:1      | Reached XP level 1. HP: 19/19 MP: 0/0
   156 | D:1      | Reached XP level 2. HP: 27/27 MP: 1/1
   849 | D:2      | Reached XP level 3. HP: 33/33 MP: 2/2
   996 | D:2      | Reached skill level 3 in Axes
  1697 | D:3      | Reached XP level 4. HP: 37/41 MP: 3/3
  1699 | D:3      | Reached skill level 4 in Axes
  2101 | D:3      | Reached XP level 5. HP: 47/47 MP: 4/4
  2439 | D:4      | Reached skill level 5 in Axes
  2439 | D:4      | Reached skill level 1 in Dodging
  2463 | D:4      | Reached skill level 5 in Armour
  2466 | D:4      | Reached XP level 6. HP: 46/55 MP: 5/5
  2585 | D:4      | Reached skill level 5 in Fighting
  2655 | D:4      | Reached skill level 1 in Stealth
  2723 | D:4      | HP: 1/56 [worker ant (3)]
  2956 | D:3      | Reached skill level 6 in Axes
  3102 | D:4      | Reached XP level 7. HP: 48/61 MP: 6/6
  3425 | D:4      | Got a bound bronze ring
  3427 | D:4      | Identified the ring of the Coward {rC+ MP-9 Str+6 Slay+2}
                  | (You found it on level 4 of the Dungeon)
  3443 | D:5      | Entered Level 5 of the Dungeon
  3531 | D:5      | Reached skill level 7 in Axes
  3777 | D:5      | Noticed Duvessa
  3786 | D:5      | Killed Duvessa
  3786 | D:5      | Reached skill level 8 in Axes
  3786 | D:5      | Reached XP level 8. HP: 57/70 MP: 0/7
  3811 | D:5      | Noticed Dowan
  3823 | D:5      | Killed Dowan
  3926 | D:5      | Found a staircase to the Ecumenical Temple.
  3933 | Temple   | Entered the Ecumenical Temple
  3940 | Temple   | Became a worshipper of Gozag Ym Sagoz the Greedy
  4177 | D:6      | Noticed Menkaure
  4185 | D:6      | Killed Menkaure
  4185 | D:6      | Reached skill level 9 in Axes
  4284 | D:6      | Reached skill level 10 in Axes
  4397 | D:6      | Noticed a two-headed ogre
  4406 | D:6      | Slain by a two-headed ogre

Illustrated notes

Levels and vault maps discovered:
D:1:      dpeg_arrival_round_b, layout_basic, serial_glass, glass_columns_a,
          glass_columns_b, glass_columns_b
D:2:      layout_basic
D:3:      minmay_diamond_boxcup, layout_loops_ring
D:4:      layout_basic
D:5:      layout_rooms, minmay_temple_entry_overgrown, serial_rivers,
          chequers_serial_rivers_micro_a, chequers_serial_rivers_marsh,
          chequers_serial_rivers_large_b, chequers_serial_rivers_room_a,
          chequers_serial_rivers_micro_e, first_ration, uniq_duvessa
D:6:      layout_basic, elyvilon_altar_3, uniq_edmund, uniq_menkaure
Temple:   compressed_dpeg_circular_temple

Skill      XL: |  1  2  3  4  5  6  7  8 |
---------------+-------------------------+-----
Fighting       | 4 5 6 |  6.9
Armour         | 4 5 7 |  7.8
Axes           | 3 4 5 6 8 10 | 10.0
Dodging        | 1 2 |  2.3
Stealth        | 1 |  1.1
Shields        | |  3.6

Action                   |  1- 3 |  4- 6 |  7- 9 || total
-------------------------+-------+-------+-------++-------
Melee: War axe           |    69 |   104 |   154 ||   327
       Headbutt          |     9 |    20 |    34 ||    63
  Use: Scroll            |     8 |     3 |     1 ||    12
       Potion            |       |     1 |     3 ||     4
  Eat: Chunk             |     2 |     4 |     1 ||     7
       Ration            |       |     1 |     1 ||     2
Armor: Scale mail        |    44 |    31 |       ||    75
       Chain mail        |       |    20 |    77 ||    97
Dodge: Dodged            |    45 |    65 |    73 ||   183
